AoeStats
← verdulero123

MegaRandom

509402145Analyzed
2v2 RM · 5d ago on Sep 26, 2026· 29m 56s· 4 players
Game mode
Random Map
Map size
Medium (4 player)
Population
200
Speed
Normal
Resources
Standard
Victory
Conquest
Starting age
Dark Age
Ending age
Imperial Age
RankedLock teamsTeams togetherTeam positionsShared explorationLock speedFull tech treeHidden civsTurbo modeCheats
Victory
Defeat
🇺🇸 Maya · United States
1284
+15
🇺🇸 Saxons · United States
1225
+17
🇦🇷 Aztecs · Argentina
1315
-18
1195
-14
Don Enzo il occhio di ferro
4:57 Loom
12:47 Feudal Age
15:27 Double-Bit Axe
19:44 Castle Age
20:22 Fletching
27:40 Bodkin Arrow
27:47 Padded Archer Armor
verdulero123
4:10 Loom
10:51 Feudal Age
11:56 Arson
13:21 Forging
13:11 Scale Mail Armor
21:33 Castle Age
20:50 Double-Bit Axe
20:47 Horse Collar
21:05 Gold Mining
22:11 Wheelbarrow
21:47 Eagle Warrior
22:55 Bow Saw
23:20 Fletching
23:32 Padded Archer Armor
24:54 Bodkin Arrow
25:16 Leather Archer Armor
24:55 Elite Skirmisher
28:46 Squires
29:19 Ballistics
Classixx
6:33 Loom
10:46 Feudal Age
11:14 Double-Bit Axe
11:32 Horse Collar
13:50 Fletching
20:53 Castle Age
19:10 Stone Mining
19:13 Gold Mining
20:46 Padded Archer Armor
20:56 Crossbowman
21:32 Bodkin Arrow
22:05 Thumb Ring
23:31 Ballistics
23:33 Town Watch
24:27 Wheelbarrow
25:41 Town Watch
26:01 Elite Skirmisher
28:54 Leather Archer Armor
dl_cucga
0:28 Loom
13:03 Feudal Age
17:33 Castle Age
15:59 Double-Bit Axe
16:00 Horse Collar
16:53 Fletching
17:41 Fishing Lines
18:31 Bodkin Arrow
21:05 Gillnets
21:50 Padded Archer Armor
24:27 Ballistics
25:52 Leather Archer Armor
25:41 Heavy Plow
26:36 Bow Saw
28:38 Squires
32:56 Imperial Age
Connection lost

Rejoining the realm…

Still unreachable

The connection could not be restored.

Session expired

The server has moved on; the page needs a fresh start.